 Dungeon Crawl Stone Soup version 0.30.1-11-g7821555f0a (webtiles) character file.

Game seed: 12443519267840940779

43225 Peloso the Fencer (level 13, -15/124 HPs)
             Began as a Minotaur Fighter on Dec 3, 2023.
             Was a High Priest of Okawaru.
             Demolished by a death yak simulacrum (34 damage)
             ... on level 13 of the Dungeon.
             The game lasted 00:38:43 (18456 turns).

Peloso the Fencer (Minotaur Fighter)               Turns: 18456, Time: 00:38:44

Health: -15/124    AC: 23    Str: 25    XL:     13   Next: 89%
Magic:  10/13      EV: 15    Int:  5    God:    Okawaru [*****.]
Gold:   1097       SH: 10    Dex: 25    Spells: 12/12 levels left

rFire   + . .        a - +3 scimitar
rCold   . . .        d - +0 buckler
rNeg    . . .        E - +0 plate armour
rPois   .            (helmet restricted)
rElec   .            H - scarf {repulsion}
rCorr   .            K - +0 pair of gloves {Dex+3}
SInv    +            D - +0 pair of boots
Will    .....        (no amulet)
Stlth   +            m - +6 ring of dexterity
HPRegen 0.40/turn    U - ring "Qicryinn" {rF+ Str+3 Dex+2 SInv Stlth+}
MPRegen 0.13/turn

%: repel missiles
@: heroic
A: horns 2, retaliatory headbutt
a: Renounce Religion, Heroism, Finesse, Duel


You were on level 13 of the Dungeon.
You worshipped Okawaru.
Okawaru was extremely pleased with you.
You visited 3 branches of the dungeon, and saw 19 of its levels.
You also visited: Ossuary, Bailey and Gauntlet.

You collected 1220 gold pieces.
You spent 123 gold pieces at shops.

Inventory:

Hand Weapons
 a - a +3 scimitar (weapon)
 b - the +5 falchion "Rotiuc" {freeze, rC- Str+3 Dex+5}
   (You found it on level 2 of the Lair of Beasts)

   Str:       It affects your strength (+3).
   Dex:       It affects your dexterity (+5).
   rC:        It makes you vulnerable to cold.
 c - a +1 scimitar of flaming
Armour
 d - a +0 buckler (worn)
 s - a +1 chain mail of cold resistance
 D - a +0 pair of boots (worn)
 E - a +0 plate armour (worn)
 H - a scarf of repulsion (worn)
 K - a +0 pair of gloves of dexterity (worn)
 Q - the +2 pair of gloves of Ujikhovu {+Inv rElec}
   (Okawaru gifted it to you on level 11 of the Dungeon)

   rElec:     It insulates you from electricity.
   +Inv:      It lets you turn invisible.
Jewellery
 m - a +6 ring of dexterity (left hand)
 L - the ring "Falih" {rPois rF+++ rC- rCorr Str-3}
   (You found it on level 9 of the Dungeon)

   [ring of resist corrosion]

   Str:       It affects your strength (-3).
   rF:        It renders you almost immune to fire.
   rC:        It makes you vulnerable to cold.
   rPois:     It protects you from poison.
   rCorr:     It protects you from acid and corrosion.
 P - a ring of fire
 R - a +6 ring of strength
 S - the amulet of Wirutz {Faith -Tele rPois rF++ Stlth+}
   (You found it in a Gauntlet)

   [amulet of faith]

   It allows you to gain divine favour quickly.
   rF:        It greatly protects you from fire.
   rPois:     It protects you from poison.
   -Tele:     It prevents most forms of teleportation.
   Stlth:     It makes you more stealthy.
 U - the ring "Qicryinn" (right hand) {rF+ Str+3 Dex+2 SInv Stlth+}
   (You found it in a Gauntlet)

   [ring of see invisible]

   Str:       It affects your strength (+3).
   Dex:       It affects your dexterity (+2).
   rF:        It protects you from fire.
   SInv:      It lets you see invisible.
   Stlth:     It makes you more stealthy.
Wands
 r - a wand of digging (8)
 A - a wand of mindburst (27)
 C - a wand of paralysis (29)
 F - a wand of iceblast (11)
 N - a wand of polymorph (8)
 V - a wand of flame (26)
Scrolls
 e - 2 scrolls of immolation
 g - 2 scrolls of blinking
 h - 4 scrolls of teleportation
 p - 2 scrolls of fear
 u - a scroll of poison
 v - 3 scrolls of amnesia
 w - 4 scrolls of magic mapping
 x - 6 scrolls of enchant armour
 y - 3 scrolls of fog
 G - a scroll of brand weapon
 I - 3 scrolls of enchant weapon
 O - 7 scrolls of identify
 T - a scroll of butterflies
 X - 2 scrolls of noise {unknown}
Potions
 f - 3 potions of flight
 i - 4 potions of mutation
 j - 5 potions of curing
 k - 5 potions of brilliance
 l - 2 potions of might
 n - 4 potions of resistance
 o - 11 potions of haste
 q - 3 potions of magic
 z - 4 potions of cancellation
 B - 2 potions of heal wounds
 M - 2 potions of invisibility
 W - a potion of ambrosia {unknown}
Miscellaneous
 t - a phial of floods
 J - a box of beasts


   Skills:
 + Level 14.0(19.0) Fighting
 + Level 16.1(21.1) Long Blades
 + Level 15.5(20.5) Armour
 + Level 4.6(9.6) Dodging
 + Level 1.9(6.9) Stealth
 + Level 11.5(16.5) Shields
 + Level 2.2(7.2) Unarmed Combat
 + Level 2.3 Invocations
 + Level 1.6 Evocations


You had 12 spell levels left.
You didn't know any spells.
Your spell library contained the following spells:

 Spells                   Type           Power      Damage    Failure   Level
 Apportation              Tloc           0%         N/A       96%         1
 Magic Dart               Conj           0%         1d3       96%         1
 Necrotise                Necr           0%         1d4       96%         1
 Sandblast                Erth           0%         2d4       96%         1
 Cigotuvi's Dreadful Rot  Necr/Pois/Air  0%         N/A       99%         2
 Ensorcelled Hibernation  Hex/Ice        0%         N/A       99%         2
 Passwall                 Tmut/Erth      0%         N/A       99%         2
 Confusing Touch          Hex            0%         N/A       100%        3
 Mephitic Cloud           Conj/Pois/Air  0%         N/A       100%        3
 Spider Form              Tmut/Pois      0%         N/A       100%        3
 Stone Arrow              Conj/Erth      0%         3d7       100%        3
 Vampiric Draining        Necr           0%         2d6       100%        3
 Anguish                  Hex/Necr       0%         N/A       100%        4
 Cause Fear               Hex            0%         N/A       100%        4
 Dispel Undead            Necr           0%         3d6       100%        4
 Manifold Assault         Tloc           0%         N/A       100%        4
 Agony                    Necr           0%         N/A       100%        5
 Blade Hands              Tmut           0%         N/A       100%        5
 Iron Shot                Conj/Erth      0%         9d1       100%        6
 Summon Small Mammal      Summ           Unusable   N/A       N/A         1
 Call Imp                 Summ           Unusable   N/A       N/A         2
 Call Canine Familiar     Summ           Unusable   N/A       N/A         3
 Summon Guardian Golem    Hex/Summ       Unusable   N/A       N/A         3
 Animate Armour           Summ/Erth      Unusable   N/A       N/A         4
 Death Channel            Necr           Unusable   N/A       N/A         6

Dungeon Overview and Level Annotations

Branches:
Dungeon (15/15)            Temple (1/1) D:6            Lair (3/5) D:10
 Shoals (0/4) Lair:3        Snake (0/4) Lair:2       Vaults (0/5) D:14
Ossuary (visited)          Bailey (visited)         Gauntlet (visited)
    Orc: D:9-12      Depths: D:15

Altars:
Ashenzari
Cheibriados
Dithmenos
Elyvilon
Fedhas
Gozag
Hepliaklqana
Kikubaaqudgha
Makhleb
Okawaru
Qazlal
Ru
Sif Muna
Trog
Vehumet
Wu Jian
Zin
The Shining One

Shops:
D:4 (   D:6 *   D:10 :   D:11 =

Annotations:
D:4 exclusion: statue
D:7 2 transporters, kalagan's ghost, novice DECj


Innate Abilities, Weirdness & Mutations

You have a pair of horns on your head.
You reflexively headbutt those who attack you in melee.


Message History

Okawaru accepts your kill.
Unknown command.
You slice the troll simulacrum!!
The troll simulacrum vaporises!
Really walk into that cloud of freezing vapour? [Y]es or [N]o only, please.
Really walk into that cloud of freezing vapour? [Y]es or [N]o only, please.
Really walk into that cloud of freezing vapour? [Y]es or [N]o only, please.
Really walk into that cloud of freezing vapour?
Okay, then.
You feel much better.
You feel more confident with your borrowed prowess.
The spriggan simulacrum hits you but does no damage.
You completely miss the spriggan simulacrum.
You headbutt the spriggan simulacrum!!
The spriggan simulacrum is almost destroyed.
Unknown command.
You slash the spriggan simulacrum!
The spriggan simulacrum vaporises!
Okawaru accepts your kill.
A troll simulacrum comes into view.
Unknown command.
Really walk into that cloud of freezing vapour?
Okay, then.
Things that are here:
the +8 orange crystal plate armour {Archmagi, Int+3 Clar}; a +2 shortbow of freezing; a centaur corpse A spriggan simulacrum comes into view.
The death yak simulacrum gores you. The death yak simulacrum freezes you!!!
* * * LOW HITPOINT WARNING * * *
The spriggan simulacrum moves out of view.
Items here: )) [ †.
Unknown command.
You slice the death yak simulacrum!! You headbutt the death yak simulacrum!
The death yak simulacrum is almost destroyed.
The death yak simulacrum gores you!
* * * LOW HITPOINT WARNING * * *
The death yak simulacrum freezes you!!
You die...

****** *,,,,****
*,*,,,,,**********
***##,*,,,,,,*,,,,,,,*
*,,...,,,∩,,,.......!#
*,,....,,,,,*#.......#
*,,,..$Z,Z,,*#.......#
**,***#.Z#####.......###
**,* *#yZ@[##.........#*
***,,*
####.)#.......#,,**
*****,,,**
##.#.......#*,,*
,,,,,,***
#...)......#**,**
,,,,,,* #...####.###
*,,, ,,,,,,* #...# #.#
**** ,,,,,,* #.>.# #.###
* ,,,,,,* ##### #...## *
,,,,,,* ###..# *


You could see a vampire mosquito, a death yak simulacrum, a naga simulacrum and
a troll simulacrum.

Vanquished Creatures
  A minotaur (Gauntlet)
  A vault guard (D:14)
  Harold (D:10)
  3 hydras
  A two-headed ogre (D:10)
  5 centaur warriors
  A hell hog (Gauntlet)
  2 death scarabs (Gauntlet)
  Urug (Lair:1)
  A deep elf knight (D:14)
  A spectral hydra (Gauntlet)
  2 deep elf pyromancers (D:14)
  A deep elf zephyrmancer (Bailey)
  An ugly thing (D:12)
  An orc knight (Bailey)
  2 oklob plants
  2 cyclopes
  6 elephants (Lair:2)
  A manticore (D:11)
  A smoke demon (Gauntlet)
  A black mamba (Lair:2)
  A merfolk siren (Lair:3)
  8 cane toads
  3 kobold demonologists
  10 komodo dragons
  An efreet (D:12)
  An unseen horror (D:12)
  A yaktaur (D:14)
  2 hornets
  Grinder (D:6)
  12 blink frogs
  6 slime creatures
  4 wyverns
  A wraith (D:12)
  2 fire bats (Gauntlet)
  2 shadows
  40 yaks
  A vampire (D:7)
  3 basilisks
  3 steam dragons
  5 vampire mosquitoes
  2 nagas (Lair:2)
  Edmund (D:6)
  An acid dragon (D:10)
  5 water moccasins
  7 orc warriors
  2 hell hounds (Gauntlet)
  A spectral torpor snail (Gauntlet)
  An ice beast (D:6)
  6 black bears
  4 sky beasts
  8 centaurs
  6 wolves
  3 ogres
  A phantom (D:4)
  3 kobold brigands
  7 bullfrogs
  2 scorpions
  3 water moccasin zombies (Ossuary)
  3 wights (D:8)
  An electric eel (Lair:3)
  13 howler monkeys
  2 crimson imps (Gauntlet)
  A jelly (D:6)
  3 orc priests
  3 hounds
  An iguana (D:5)
  10 orc wizards
  A troll simulacrum (D:13)
  5 hell rats (Lair:3)
  A spriggan simulacrum (D:13)
  2 mummies (Ossuary)
  7 adders
  4 gnolls (D:4)
  2 white imps (D:8)
  5 adder zombies (Ossuary)
  3 worms
  3 dart slugs
  37 orcs
  12 endoplasms
  5 giant cockroaches
  3 hobgoblins
  11 jackals
  4 quokkas
  6 ball pythons
  6 bats
  6 frilled lizards
  2 gnoll zombies (Ossuary)
  5 goblins
  3 hobgoblin zombies (Ossuary)
  22 kobolds
  2 kobold zombies (Ossuary)
  4 orc zombies (Ossuary)
  7 rats
411 creatures vanquished.

Notes
Turn   | Place    | Note
-------+----------+-------------------------------------------
     0 | D:1      | Peloso the Minotaur Fighter began the quest for the Orb.
     0 | D:1      | Reached XP level 1. HP: 19/19 MP: 0/0
     1 | D:1      | Found a runed translucent door.
   260 | D:1      | Reached XP level 2. HP: 27/27 MP: 1/1
   782 | D:2      | Reached XP level 3. HP: 31/33 MP: 2/2
   962 | D:2      | Found a faded altar of an unknown god.
  1005 | D:2      | Reached skill level 3 in Long Blades
  1391 | D:3      | Reached XP level 4. HP: 40/40 MP: 3/3
  1893 | D:3      | Reached skill level 4 in Long Blades
  2240 | D:4      | Reached XP level 5. HP: 29/46 MP: 4/4
  2412 | D:4      | Found Ragus's Weapon Shoppe.
  2583 | D:4      | Found a radiant altar of Vehumet.
  2583 | D:4      | Noticed a frost-covered statue
  2598 | D:4      | Noticed an ogre
  2601 | D:4      | Killed an ogre
  2602 | D:4      | Reached skill level 5 in Long Blades
  2602 | D:4      | Reached skill level 1 in Dodging
  2738 | D:4      | Noticed a phantom
  2744 | D:4      | Killed a phantom
  2745 | D:4      | Reached skill level 5 in Shields
  2745 | D:4      | Reached XP level 6. HP: 53/53 MP: 5/5
  2768 | D:4      | Reached skill level 5 in Armour
  3135 | D:4      | Reached skill level 5 in Fighting
  3135 | D:4      | Reached skill level 6 in Long Blades
  3135 | D:4      | Reached XP level 7. HP: 25/61 MP: 6/6
  3451 | D:5      | Entered Level 5 of the Dungeon
  3696 | D:5      | Reached skill level 7 in Long Blades
  3814 | D:5      | Found a hazy altar of Hepliaklqana.
  4202 | D:6      | Found a sand-covered staircase.
  4206 | D:6      | Found Fuil's General Store.
  4215 | D:6      | Reached XP level 8. HP: 70/70 MP: 7/7
  4243 | D:6      | Reached skill level 8 in Long Blades
  4369 | D:6      | Noticed Grinder
  4370 | D:6      | Paralysed by Grinder for 4 turns
  4390 | D:6      | Killed Grinder
  4442 | D:6      | Reached skill level 9 in Long Blades
  4528 | Ossuary  | Entered an ossuary
  4848 | D:6      | Noticed Edmund
  4862 | D:6      | Killed Edmund
  4903 | D:5      | Reached XP level 9. HP: 59/78 MP: 8/8
  4996 | D:6      | Found a staircase to the Ecumenical Temple.
  5003 | Temple   | Entered the Ecumenical Temple
  5045 | Temple   | Became a worshipper of Warmaster Okawaru
  5298 | D:6      | Bought a scroll of magic mapping for 97 gold pieces
  5298 | D:6      | Bought a scroll of identify for 26 gold pieces
  5485 | D:7      | Reached skill level 10 in Long Blades
  6038 | D:7      | Reached * piety under Okawaru
  6264 | D:7      | Found a transporter.
  6269 | D:7      | Found a bloodstained altar of Trog.
  6269 | D:7      | Noticed a moth of wrath
  6269 | D:7      | Noticed a two-headed ogre
  6269 | D:7      | Noticed kalagan's ghost (novice DECj)
  6355 | D:7      | Found a transporter.
  6623 | D:8      | Reached skill level 11 in Long Blades
  6715 | D:8      | Paralysed by a hornet for 2 turns
  6880 | D:8      | Reached ** piety under Okawaru
  7292 | D:9      | Reached XP level 10. HP: 88/88 MP: 9/9
  7340 | D:9      | Found a flagged portal.
  7387 | Bailey   | Entered a bailey
  7542 | Bailey   | Noticed an orc knight
  7571 | Bailey   | Killed an orc knight
  7572 | Bailey   | Reached skill level 12 in Long Blades
  7722 | Bailey   | Found a large runed translucent door.
  7722 | Bailey   | Found a large runed translucent door.
  7723 | Bailey   | Noticed a deep elf zephyrmancer
  7787 | Bailey   | Killed a deep elf zephyrmancer
  7788 | Bailey   | Reached skill level 1 in Stealth
  7788 | Bailey   | Reached skill level 1 in Evocations
  8361 | D:9      | Reached *** piety under Okawaru
  8391 | D:9      | Reached skill level 10 in Armour
  8463 | D:9      | Reached skill level 13 in Long Blades
  8474 | D:9      | Reached **** piety under Okawaru
  8661 | D:9      | Found an opulent altar of Gozag.
  8695 | D:9      | Identified the ring "Falih" {rPois rF+++ rC- rCorr Str-3}
  8757 | D:9      | Reached XP level 11. HP: 79/97 MP: 10/10
  9050 | D:10     | Entered Level 10 of the Dungeon
  9054 | D:10     | Found a staircase to the Lair.
  9054 | D:10     | Noticed an oklob plant
  9067 | D:10     | Noticed a two-headed ogre
  9076 | D:10     | Killed an oklob plant
  9087 | D:10     | Killed a two-headed ogre
  9217 | D:10     | Reached ***** piety under Okawaru
  9456 | D:10     | Reached skill level 14 in Long Blades
  9831 | D:10     | Noticed Harold
  9860 | D:10     | Killed Harold
  9861 | D:10     | Reached skill level 10 in Fighting
  9861 | D:10     | Reached skill level 1 in Unarmed Combat
 10049 | D:10     | Found Datzorr's Book Shoppe.
 10646 | D:11     | Got the Codex of the Evil Eye and the Map
 10814 | D:11     | Identified the +2 pair of gloves of Ujikhovu {+Inv rElec}
                  | (Okawaru gifted it to you on level 11 of the Dungeon)
 10814 | D:11     | Received a gift from Okawaru
 10879 | D:11     | Found Jiokhlaid's Jewellery Shop.
 11015 | D:11     | Paralysed by an orc warrior for 3 turns
 11362 | Lair:1   | Entered Level 1 of the Lair of Beasts
 11433 | Lair:1   | Identified the +1 leather armour of the Countless Ships
                  | {Dex+2}
 11965 | Lair:1   | Reached XP level 12. HP: 34/110 MP: 11/11
 12295 | Lair:1   | Noticed Urug
 12314 | Lair:1   | Killed Urug
 12645 | Lair:1   | Paralysed by a hornet for 2 turns
 12742 | Lair:1   | Reached skill level 1 in Invocations
 13041 | Lair:2   | Identified the +5 falchion "Rotiuc" {freeze, rC- Str+3
                  | Dex+5}
 13054 | Lair:2   | Found a gate leading to a gauntlet.
 13066 | Gauntlet | Entered a Gauntlet
 13066 | Gauntlet | Found a transporter.
 13066 | Gauntlet | Found a transporter.
 13072 | Gauntlet | Found a transporter.
 13088 | Gauntlet | Found a transporter.
 13105 | Gauntlet | Found a transporter.
 13119 | Gauntlet | Found a transporter.
 13139 | Gauntlet | Found a transporter.
 13219 | Gauntlet | Found a transporter.
 13226 | Gauntlet | Noticed a hell hog
 13246 | Gauntlet | Found a transporter.
 13252 | Gauntlet | Noticed a hell hog
 13272 | Gauntlet | Found a transporter.
 13299 | Gauntlet | Found a transporter.
 13310 | Gauntlet | Found a transporter.
 13338 | Gauntlet | Found a transporter.
 13350 | Gauntlet | Found a transporter.
 13352 | Gauntlet | Noticed a death scarab
 13352 | Gauntlet | Noticed a death scarab
 13370 | Gauntlet | Found a transporter.
 13382 | Gauntlet | Found a transporter.
 13780 | Gauntlet | Killed a death scarab
 13782 | Gauntlet | Killed a death scarab
 13787 | Gauntlet | Reached skill level 15 in Long Blades
 13790 | Gauntlet | Received a gift from Okawaru
 13800 | Gauntlet | Identified the amulet of Wirutz {Faith -Tele rPois rF++
                  | Stlth+}
 14014 | Gauntlet | Killed a hell hog
 14035 | Gauntlet | Reached skill level 10 in Shields
 14046 | Gauntlet | Identified the ring "Qicryinn" {rF+ Str+3 Dex+2 SInv
                  | Stlth+}
 14152 | Gauntlet | Noticed a minotaur
 14168 | Gauntlet | Killed a minotaur
 14339 | Lair:2   | Found a staircase to the Snake Pit.
 14399 | Lair:2   | Received a gift from Okawaru
 14419 | Lair:2   | Reached XP level 13. HP: 31/119 MP: 13/13
 16240 | Lair:3   | Identified the +1 robe of Oblivion {Drain rN+ Regen+ Dex+4}
                  | (Okawaru gifted it to you on level 3 of the Lair of Beasts)
 16240 | Lair:3   | Received a gift from Okawaru
 16630 | Lair:3   | Found a hazy altar of Hepliaklqana.
 16802 | Lair:3   | Found a staircase to the Shoals.
 17260 | D:12     | Reached skill level 15 in Armour
 17557 | D:12     | You fall into a shaft and drop 3 floors!
 17557 | D:15     | Entered Level 15 of the Dungeon
 18030 | D:14     | Found a gate to the Vaults.
 18398 | D:13     | Reached skill level 16 in Long Blades
 18442 | D:13     | Received a gift from Okawaru
 18442 | D:13     | Found the +8 orange crystal plate armour {Archmagi, Int+3
                  | Clar}
 18456 | D:13     | Demolished by a death yak simulacrum

Illustrated notes

Levels and vault maps discovered:
D:1:      dpeg_arrival_caged_fury, layout_rooms
D:2:      layout_basic, basic_ecumenical_altar
D:3:      layout_loops_ring, hangedman_abyss_or_decor_lesser_grid
D:4:      layout_loops_ring, vehumet_statue, serial_shops,
          nicolae_shop_rolling_square, serial_rivers,
          chequers_serial_rivers_room_b, chequers_serial_rivers_micro_a,
          chequers_serial_rivers_small_3, chequers_serial_rivers_micro_e,
          minmay_quadrilaterals
D:5:      layout_basic, nicolae_hepliaklqana_hazy_memory
D:6:      layout_basic, minmay_temple_entry_mini_moons,
          nicolae_ossuary_entry_false_entrances, serial_shops,
          nicolae_shop_stone, uniq_edmund, uniq_grinder
D:7:      layout_gridville, gammafunk_ghost_wrathful_warriors, grunt_ogre_cave
D:8:      layout_loops_cross
D:9:      layout_basic, grunt_gozag_statues, enter_bailey_2
D:10:     layout_cave_pools, dpeg_oklobed_lair, serial_shops, shop,
          nicolae_figureground_sparkle, uniq_harold
D:11:     layout_loops_ring, serial_shops, nicolae_shop_trees
D:12:     layout_basic, erik_orc_1
D:13:     cheibrodos_hippocracy, layout_rooms,
          portal_ice_cave_entry_ice_simulacra, grunt_decor_clamped
D:14:     layout_long_grid, david_vaults_5, serial_shops, shop,
          hangedman_decor_clover_reticule, minmay_three_doors, uniq_azrael
D:15:     gammafunk_enter_depths_forms, layout_loops_ring, minmay_radiant,
          uniq_rupert
Temple:   compressed_dpeg_triangle_lava_temple
Lair:1:   layout_cave_pods, beast_lair_carwin_1, uniq_urug
Lair:2:   layout_regular_city, guppyfry_snake_entry_garden,
          gauntlet_entry_generic, beast_lair_carwin_3,
          infiniplex_staircase_pool_2
Lair:3:   layout_roguey, elwin_shoals_entry_rooms, basic_altar

Skill      XL: |  1  2  3  4  5  6  7  8  9 10 11 12 13 |
---------------+----------------------------------------+-----
Shields        | 4 5 6 7 8 10 11 | 11.5
Armour         | 4 5 6 7 8 10 12 14 15 | 15.5
Long Blades    | 3 4 5 6 7 9 11 13 14 15 16 | 16.1
Fighting       | 4 5 6 7 9 11 12 14 | 14.0
Dodging        | 1 2 3 4 |  4.6
Stealth        | 1 |  1.9
Evocations     | 1 |  1.6
Unarmed Combat | 2 |  2.2
Invocations    | 1 2 |  2.3

Action                     |  1- 3 |  4- 6 |  7- 9 | 10-12 | 13-15 || total
---------------------------+-------+-------+-------+-------+-------++-------
  Melee: Long sword        |   108 |   110 |   336 |       |       ||   554
         Headbutt          |    13 |    14 |    57 |   163 |    96 ||   343
         Scimitar          |       |       |     8 |   593 |   308 ||   909
         Unarmed           |       |       |       |    25 |       ||    25
         Dagger            |       |       |       |       |    11 ||    11
 Invoke: Heroism           |       |       |       |    10 |     6 ||    16
  Evoke: Wand              |       |       |     2 |    12 |       ||    14
    Use: Scroll            |     2 |     2 |     8 |     9 |     2 ||    23
         Potion            |     5 |       |     4 |     9 |     2 ||    20
   Stab: Distracted        |       |       |       |       |     1 ||     1
 Armour: Scale mail        |    63 |    34 |       |       |       ||    97
         Chain mail        |       |    33 |   159 |    15 |       ||   207
         Plate armour      |       |       |       |   258 |   163 ||   421
         Skin              |       |       |       |     2 |       ||     2
  Dodge: Dodged            |    44 |    60 |   127 |   245 |   127 ||   603
         Repelled          |       |       |     2 |     5 |     1 ||     8
  Block: Buckler           |    31 |    38 |    73 |   221 |   142 ||   505
